 Dungeon Crawl Stone Soup version 0.28-a0-1227-ga9037bb4c8 (webtiles) character file.

Game seed: 2752391306602570353

161 dr0g0th the Covert (level 5, 0/35 HPs)
             Began as an Octopode Brigand on Dec 22, 2021.
             Succumbed to an orc's poison
             ... on level 3 of the Dungeon.
             The game lasted 00:06:15 (3094 turns).

dr0g0th the Covert (Octopode Brigand)               Turns: 3094, Time: 00:06:16

Health: 0/35       AC:  1    Str: 10    XL:     5   Next: 42%
Magic:  5/5        EV: 13    Int: 13    God:
Gold:   114        SH:  0    Dex: 16    Spells: 4/4 levels left

rFire   . . .      SeeInvis .   a - +2 dagger
rCold   . . .      Faith    .   (no shield)
rNeg    . . .      Spirit   .   (helmet restricted)
rPois   .          Reflect  .   (no amulet)
rElec   .          Harm     .   (no ring)
rCorr   .          Rampage  .   (no ring)
Will    .....                   (no ring)
Stlth   +++++.....              (no ring)
HPRegen 0.11/turn               (no ring)
MPRegen 0.09/turn               (no ring)
                                (no ring)
                                (no ring)

@: brilliant, lethally poisoned (0 -> -4)
A: almost no armour, amphibious, 8 rings, camouflage 1, gelatinous body 1,
(nimble swimmer 1), tentacles
a: no special abilities


You were on level 3 of the Dungeon.
You visited 1 branch of the dungeon, and saw 3 of its levels.

You collected 114 gold pieces.

Inventory:

Hand Weapons
 a - a +2 dagger (weapon)
 g - a +0 short sword
Missiles
 b - 13 poisoned darts (quivered)
 c - 2 curare-tipped darts
Scrolls
 d - a scroll of blinking {unknown}
 e - a scroll of enchant armour
 h - a scroll of fog {unknown}
 k - 2 scrolls of identify {unknown}
Potions
 i - a potion of brilliance


   Skills:
 + Level 2.5 Fighting
 + Level 2.6 Short Blades
 + Level 2.0 Throwing
 + Level 1.5 Dodging
 + Level 8.0 Stealth


You had 4 spell levels left.
You didn't know any spells.
Your spell library contained the following spells:

 Spells                   Type           Power      Damage    Failure   Level
 Pain                     Necr           0%         1d4       30%         1
 Agony                    Necr           0%         N/A       100%        5
 Excruciating Wounds      Necr           0%         N/A       100%        5


Dungeon Overview and Level Annotations

Branches:
Dungeon (3/15)

Altars:


Innate Abilities, Weirdness & Mutations

You cannot wear most types of armour.
You are amphibious.
You can wear up to eight rings at the same time.
Your skin changes colour to match your surroundings (Stealth+).
Your rubbery body absorbs attacks. (AC +1, EV +1)
((You are camouflaged when in or above water. (Stealth+)))
You have tentacles for arms and can constrict up to eight enemies at once.


Message History

You constrict the orc wizard. The orc completely misses you.
The orc wizard casts a spell at you.
You are confused.
The orc barely misses you.
You release your grip on the orc wizard.
The orc closely misses you.
You are too injured to fight recklessly!
Okay, then.
You are too confused!
You hit the orc but do no damage. You squeeze the orc.
The orc is almost dead.
You hit the orc.
You kill the orc!
The orc closely misses you.
The orc wizard gestures wildly while chanting.
The orc wizard flickers and vanishes!
Deactivating autopickup; reactivate with Ctrl-A.
The orc hits you with a +2 short sword of venom.
* * * LOW HITPOINT WARNING * * *
You are lethally poisoned!
* * * LOW HITPOINT WARNING * * *
You feel very sick.
Okay, then.
* * * LOW HITPOINT WARNING * * *
You feel sick.
You are too confused!
You are too confused!
You feel less confused.
* * * LOW HITPOINT WARNING * * *
You feel sick.
You hit something.
Reactivating autopickup.
You feel a bit more experienced.
* * * LOW HITPOINT WARNING * * *
You feel sick.
Your Stealth skill increases to level 8!
You closely miss the orc. You grab the orc. You squeeze the orc.
The orc is heavily wounded.
You constrict the orc, but do no damage.
You die...

.)......# ........# ....###.####
....###.##.#######
##.......).......#
#.####.##..####)### #.
#.##..(....).# #. #.##.#####o#.#
.. ##.####.##.# #@#.# ..
......#.##.#####.#.### ..
............##.......# ### ##8
##.##.#.##..##.....#.####.# #.##
$.........................# ##.##
.....)......##.....#.########..##
##..#.#####.##.................#.
#.o..# ######...########..'.
##.#.# ###.# #.##.


You could see an orc.

Vanquished Creatures
  Jessica (D:2)
  An orc wizard (D:3)
  Robin (D:2)
  3 gnolls (D:3)
  3 dart slugs
  3 orcs (D:3)
  8 ball pythons
  3 endoplasms
  2 giant cockroaches
  3 hobgoblins (D:2)
  3 quokkas
  5 bats
  9 frilled lizards
  9 goblins
  6 kobolds
  7 rats
67 creatures vanquished.

Notes
Turn   | Place    | Note
-------+----------+-------------------------------------------
     0 | D:1      | dr0g0th the Octopode Brigand began the quest for the Orb.
     0 | D:1      | Reached XP level 1. HP: 14/14 MP: 1/1
   520 | D:1      | Reached XP level 2. HP: 10/19 MP: 2/2
   670 | D:1      | Reached skill level 6 in Stealth
  1063 | D:1      | Found a faded altar of an unknown god.
  1066 | D:1      | You fall into a shaft and drop 1 floor!
  1066 | D:2      | Noticed Jessica
  1068 | D:2      | Killed Jessica
  1069 | D:2      | Reached XP level 3. HP: 24/24 MP: 3/3
  1157 | D:2      | Reached skill level 7 in Stealth
  1394 | D:2      | Noticed Robin
  1405 | D:2      | Reached XP level 4. HP: 8/29 MP: 4/4
  1414 | D:2      | Killed Robin
  2738 | D:3      | Reached XP level 5. HP: 17/35 MP: 5/5
  3093 | D:3      | HP: 1/35 [poisoned by an orc]
  3094 | D:3      | Reached skill level 8 in Stealth
  3094 | D:3      | Succumbed to an orc's poison

Illustrated notes

Levels and vault maps discovered:
D:1:      scummos_arrival_simple_fountains, layout_loops_corners,
          ebering_ecumenical_altar_petrified
D:2:      layout_loops_ring, minmay_pentomino_t2, uniq_robin, uniq_jessica
D:3:      layout_loops_ring, biasface_ghost_orc_armoury, corexii_hall_statues_u,
          grunt_ministairs_13

Skill      XL: |  1  2  3  4  5 |
---------------+----------------+-----
Stealth        | 6 7 8 |  8.0
Fighting       | |  2.5
Short Blades   | |  2.6
Throwing       | |  2.0
Dodging        | |  1.5

Action                   |  1- 3 |  4- 6 || total
-------------------------+-------+-------++-------
Melee: Dagger            |    63 |    61 ||   124
       Constrict         |    12 |    16 ||    28
       Tentacles         |     8 |    11 ||    19
  Use: Scroll            |     2 |       ||     2
       Potion            |     2 |     3 ||     5
 Stab: Sleeping          |    13 |    12 ||    25
Armor: Skin              |     8 |     5 ||    13
Dodge: Dodged            |    40 |    28 ||    68

Table legend: (Time is in decaauts)
 A = Elapsed time spent in this place.
 B = Non-inter-level travel time spent in this place.
 C = Inter-level travel time spent in this place.
 D = Time resting spent in this place.
 E = Time spent auto-exploring this place.
 F = Levels seen in this place.
 G = Mean time per level.
                   A        B        C        D        E       F      G
               +--------+--------+--------+--------+--------+-----+--------+
         Total |   3066 |   2985 |     81 |   1003 |   1570 |   3 | 1022.0 |
       Dungeon |   3066 |   2985 |     81 |   1003 |   1570 |   3 | 1022.0 |
               +--------+--------+--------+--------+--------+-----+--------+

Top non-repeatable levels by time:
     D:1: 1394 daAuts
     D:2: 1157 daAuts
     D:3: 514 daAuts
